 Dungeon Crawl Stone Soup version 0.27.0-66-gdc8fb28755 (webtiles) character file.

Game seed: 6844976550925909732

67 robertstho the Skirmisher (level 3, -2/45 HPs)
             Began as a Demonspawn Abyssal Knight on Aug 20, 2021.
             Was a Believer of Lugonu.
             Slain by a scorpion (4 damage)
             ... on level 4 of the Dungeon.
             The game lasted 00:02:14 (1696 turns).

robertstho the Skirmisher (DsAK)                    Turns: 1696, Time: 00:02:15

Health: -2/45      AC: 21    Str: 13    XL:     3   Next: 98%
Magic:  5/5        EV:  2    Int: 13    God:    Lugonu [**....]
Gold:   99         SH:  0    Dex: 12    Spells: 2/2 levels left

rFire    . . .     SeeInvis .   a - +1 falchion
rCold    . . .     Faith    .   (no shield)
rNeg     + + +     Spirit   .   (armour currently unavailable)
rPois    +         Reflect  .   (helmet currently unavailable)
rElec    .         Harm     .   (cloak currently unavailable)
rCorr    .         Rampage  .   (gloves currently unavailable)
Will     .....     NoTele   +   (boots currently unavailable)
Stlth    +.........             (no amulet)
HPRegen  0.15/turn              (no ring)
MPRegen  0.09/turn              (no ring)

@: tree-form
A: stationary, stasis, torment immunity, boosted hp, (hooves 1), powered by pain
1
a: Renounce Religion, Depart the Abyss, Bend Space


You were on level 4 of the Dungeon.
You worshipped Lugonu.
Lugonu was pleased with you.
You were a tree.
You visited 1 branch of the dungeon, and saw 3 of its levels.
You visited the Abyss 1 time.

You collected 99 gold pieces.

Inventory:

Hand Weapons
 a - a +1 falchion (weapon)
Armour
 b - a +0 leather armour (melded)
 e - a +0 pair of gloves (melded)
Scrolls
 c - a scroll of teleportation {unknown}
 d - 2 scrolls of identify {unknown}


   Skills:
 * Level 4.0 Fighting
 + Level 2.2 Long Blades
 + Level 2.1 Armour
 * Level 1.4 Dodging
 * Level 3.0 Invocations


You had 2 spell levels left.
You didn't know any spells.
Your spell library contained the following spells:

 Spells                   Type           Power      Damage    Failure   Level
 Beastly Appendage        Tmut           0%         N/A       30%         1
 Wereblood                Tmut           0%         N/A       43%         2
 Spider Form              Tmut/Pois      0%         N/A       67%         3


Dungeon Overview and Level Annotations

Branches:
Dungeon (2/15)

Altars:

Shops:
D:1 (


Innate Abilities, Weirdness & Mutations

You are a tree.
Your roots penetrate the ground, keeping you stationary.
You cannot be teleported.
You are immune to unholy pain and torment.
Your maximum health is greatly increased.
Your equipment is partially melded.
((You have large cloven feet.))
You sometimes gain a little power by taking damage.


Message History

The scorpion stings you but does no damage.
You barely miss the scorpion.
The scorpion is lightly wounded.
You feel sick.
The giant cockroach bites you but does no damage.
The scorpion stings you but does no damage.
The giant cockroach bites you but does no damage.
You barely miss the scorpion.
The scorpion is lightly wounded.
You feel sick. The scorpion stings you!
* * * LOW HITPOINT WARNING * * *
The giant cockroach barely misses you.
The scorpion stings you but does no damage.
Unknown command.
You hit the scorpion.
The scorpion is moderately wounded.
You feel sick.
The giant cockroach bites you but does no damage.
The scorpion stings you but does no damage.
The giant cockroach bites you but does no damage.
You barely miss the scorpion.
The scorpion is moderately wounded.
You feel sick.
The scorpion stings you but does no damage.
The giant cockroach bites you but does no damage.
The scorpion stings you but does no damage.
You barely miss the scorpion.
The scorpion is moderately wounded.
You feel sick.
You are no longer poisoned.
The giant cockroach bites you but does no damage.
The scorpion stings you.
* * * LOW HITPOINT WARNING * * *
The giant cockroach bites you but does no damage.
You hit the scorpion.
The scorpion is heavily wounded.
The scorpion barely misses you.
The giant cockroach bites you but does no damage.
The scorpion stings you.
You die...

.......
####.......
#.........#
#...[....#
#........#
#........#
#####........#
#......Bs....#
#......♣.#####
#......).#
#........#
#........#
##########


You could see a scorpion and a giant cockroach.

Vanquished Creatures
  An adder (D:2)
  2 worms (D:2)
  A dart slug (D:1)
  A bat (D:1)
  2 endoplasms
  3 giant cockroaches
  2 goblins
  4 hobgoblins
  11 jackals
  3 kobolds
  3 quokkas (D:1)
  3 ball pythons (D:2)
  4 frilled lizards
  5 rats
45 creatures vanquished.

Notes
Turn   | Place    | Note
-------+----------+-------------------------------------------
     0 | Abyss:1  | robertstho the Demonspawn Abyssal Knight began the quest
                  | for the Orb.
     0 | Abyss:1  | Reached XP level 1. HP: 18/18 MP: 2/2
    78 | Abyss:1  | Noticed a sixfirhy
    79 | D:1      | Escaped the Abyss
   103 | D:1      | Reached * piety under Lugonu
   104 | D:1      | Reached skill level 1 in Dodging
   110 | D:1      | Gained mutation: You have large cloven feet. [demonic
                  | ancestry]
   110 | D:1      | Reached XP level 2. HP: 16/24 MP: 3/3
   377 | D:1      | Found Lemuam's Weapon Shoppe.
   548 | D:1      | Gained mutation: You sometimes gain a little power by
                  | taking damage. [demonic ancestry]
   548 | D:1      | Reached XP level 3. HP: 30/30 MP: 5/5
  1567 | D:2      | Reached ** piety under Lugonu
  1568 | D:2      | Reached skill level 4 in Fighting
  1682 | D:2      | You fall into a shaft and drop 2 floors!
  1683 | D:4      | Noticed a scorpion
  1695 | D:4      | HP: 1/45 [scorpion (3)]
  1696 | D:4      | Slain by a scorpion

Illustrated notes

Levels and vault maps discovered:
D:1:      dpeg_arrival_round_c, layout_loops_ring, serial_shops,
          nicolae_shop_temple_entry_statues_fountains
D:2:      layout_loops_corners, basic_altar
D:4:      layout_basic

Skill      XL: |  1  2  3 |
---------------+----------+-----
Dodging        | 1 |  1.4
Armour         | 2 |  2.1
Long Blades    | 2 |  2.2
Fighting       | 4 |  4.0
Invocations    | 3 |  3.0

Action                   || total
-------------------------++-------
Melee: Falchion          ||   107
       Kick              ||    26
Invok: Depart the Abyss  ||     1
  Use: Potion            ||     1
Armor: Leather armour    ||    39
       Skin              ||    14
Dodge: Dodged            ||    73
       Rpst.: Falchion   ||    24
